Wild vs Bruins

Created - January 22, 2016 at 18:08

Goals
1 2 3 T
Wild 0 1 1 2
Bruins 1 4 0 5
Shots
1 2 3 T
Wild 4 9 7 20
Bruins 10 14 14 38

1st period

1. Bruins , John Carlson 11 (Brendan Gallagher, Paul Postma) at 5:32

Penalties :
Brandon Pirri (BOS) for Interference (Minor) at 16:10, Scott Hartnell (MIN) for Roughing (Minor) at 16:10

2nd period

2. Wild , Jason Pominville 18 (Scott Hartnell) at 0:25
3. Bruins , Brendan Gallagher 17 (Zach Parise) at 0:47
4. Bruins , Tomas Plekanec 23 (Drew Doughty, Paul Postma) at 2:19 (PP)
5. Bruins , Carl Soderberg 14 (Drew Doughty, David Warsofsky) at 10:18
6. Bruins , Patrick Sharp 11 (Drew Doughty, Carl Soderberg) at 11:08

Penalties :
Michael Ryder (MIN) for Holding (Minor) at 1:53, Drew Doughty (BOS) for Slashing (Minor) at 4:32

3rd period

7. Wild , Mark Streit 5 (Jason Pominville, Dennis Wideman) at 0:33 (PP)

Penalties :
Andrew Ladd (BOS) for Interference (Minor) at 0:17, Fedor Tyutin (MIN) for Hooking (Minor) at 0:55

Goalie Stats

Darcy Kuemper (MIN), 21 saves from 22 shots - (0.955), 29:42 minutes
Ryan Miller (MIN), 12 saves from 16 shots - (0.750), L, 14-21-9, 30:18 minutes
Tom McCollum (BOS), 18 saves from 20 shots - (0.900), W, 4-4-2, 60:00 minutes

Players Stats for Wild

Player Name              G  A  P  +/- PIM S  H  SB GA TA FO     MP     PP MP  PK MP  
------------------------------------------------------------------------------------
Alex Biega               0  0  0   0  0   0  0  0  0  0  0/0     5:47   0:00   0:00 
Barret Jackman           0  0  0  -1  0   0  1  0  0  0  0/0    11:26   0:00   0:39 
Dennis Wideman           0  1  1  -3  0   2  3  3  0  0  0/0    24:13   1:16   1:24 
Dustin Brown             0  0  0  -2  0   2  4  0  0  0  2/3    22:45   0:00   0:27 
Erik Cole                0  0  0  -1  0   0  3  0  0  0  7/20   18:13   0:00   0:00 
Fedor Tyutin             0  0  0   1  2   1  1  1  0  0  0/0    18:21   0:59   0:10 
Jason Pominville         1  1  2  -1  0   3  0  1  0  0  2/5    23:46   0:43   0:39 
Jason Spezza             0  0  0  -1  0   2  0  0  0  0  7/16   13:45   0:00   0:03 
Mark Streit              1  0  1  -3  0   1  0  2  0  0  0/0    24:13   1:16   1:24 
Michael Ryder            0  0  0  -1  2   1  1  0  0  0  2/6    16:35   1:32   0:00 
Michael Stone            0  0  0   1  0   1  2  3  0  0  0/0    19:13   0:59   1:01 
Patrik Berglund          0  0  0  -1  0   4  0  0  0  0  1/1    18:55   0:42   0:00 
Peter Holland            0  0  0   0  0   0  1  0  0  0  0/5    22:15   1:33   1:43 
R.J. Umberger            0  0  0  -1  0   0  0  0  0  0  3/5     3:28   0:00   0:00 
Rene Bourque             0  0  0  -1  0   0  3  1  0  0  1/3    16:58   1:33   1:43 
Scott Hannan             0  0  0   0  0   0  0  0  0  0  0/0     5:47   0:00   0:00 
Scott Hartnell           0  1  1   0  2   3  6  1  0  0  13/26  18:54   0:42   0:15 
Zach Redmond             0  0  0  -1  0   0  1  0  0  0  0/0    10:59   0:00   0:12 

Players Stats for Bruins

Player Name              G  A  P  +/- PIM S  H  SB GA TA FO     MP     PP MP  PK MP  
------------------------------------------------------------------------------------
Andrew Ladd              0  0  0   0  2   2  2  0  0  0  2/3    15:57   0:00   0:00 
Brandon Pirri            0  0  0   2  2   3  0  0  0  0  0/0    11:22   1:29   0:00 
Brendan Gallagher        1  1  2   1  0   5  0  0  0  0  0/1    20:33   0:56   0:00 
Carl Soderberg           1  1  2   2  0   4  1  0  0  0  5/5    13:25   1:29   1:43 
Corey Perry              0  0  0   0  0   3  0  0  0  0  0/0    15:58   0:00   0:00 
David Warsofsky          0  1  1   2  0   0  1  1  0  0  0/0    19:15   1:03   1:15 
Drew Doughty             0  3  3   2  2   2  1  1  0  0  0/0    23:01   1:22   0:12 
Joe Morrow               0  0  0   0  0   0  2  1  0  0  0/0    14:43   0:00   0:00 
John Carlson             1  0  1   1  0   2  0  0  0  0  0/0    24:31   1:03   0:48 
Leon Draisaitl           0  0  0   1  0   1  0  0  0  0  15/32  20:57   0:00   1:20 
Marcus Johansson         0  0  0   0  0   2  1  0  0  0  2/2    10:40   0:56   0:00 
Melker Karlsson          0  0  0   0  0   0  0  0  0  0  0/0     7:52   0:00   0:00 
Patrick Sharp            1  0  1   2  0   2  1  0  0  0  8/17   11:20   0:00   0:55 
Paul Postma              0  2  2   1  0   0  2  0  0  0  0/0    20:35   1:22   0:52 
Ryan Spooner             0  0  0   0  0   1  0  0  0  0  5/6     7:52   0:00   0:00 
Tomas Plekanec           1  0  1   0  0   6  0  0  0  0  14/22  17:59   1:29   0:32 
Torey Krug               0  0  0   0  0   0  0  1  0  0  0/0    17:54   0:00   1:23 
Zach Parise              0  1  1   1  0   5  1  0  0  0  1/2    21:49   0:56   0:00 

3 Stars

1 - Carl Soderberg (BOS)
2 - Drew Doughty (BOS)
3 - Brendan Gallagher (BOS)

Power Play

Wild - 1 on 2 Attempt(s) - 50.00%
Bruins - 1 on 2 Attempt(s) - 50.00%

Penalty Kill

Wild - 1 on 2 Attempt(s) - 50.00% - Score 0 goal in Penalty Kill
Bruins - 1 on 2 Attempt(s) - 50.00% - Score 0 goal in Penalty Kill

Team Stat

Wild - Hits : 26 - Faceoff Wins : 38 - Blocked Shots : 12 - Penalty Minutes : 6
Bruins - Hits : 12 - Faceoff Wins : 52 - Blocked Shots : 4 - Penalty Minutes : 6

Official

Referees : Jean Hebert and Brian Pochmara
Linesman : Mark Shewchyk and Michel Cormier

Game Notes

Darcy Kuemper enters game at 10:18 of 2nd period

Finance

Level 1 -- Attendance: 6491 (99.86%) -- Ticket Income $714,010
Level 2 -- Attendance: 5000 (100.00%) -- Ticket Income $375,000
Level 3 -- Attendance: 2972 (84.91%) -- Ticket Income $166,432
Level 4 -- Attendance: 1565 (100.00%) -- Ticket Income $62,600
Luxury Box -- Attendance: 945 (94.50%) -- Ticket Income $188,055
Game was played at the TD Garden.
Total Attendance: 16973 (96.63%)
Total Ticket Income: $1,506,097
Other Income: $225,915
Total Income: $1,732,012

% Time on Ice - Wild

Lines # - Real PCT - Wanted PCT - Time Play
Normal Forward
1 - 34% - 40% - 17:58
2 - 34% - 30% - 18:13
3 - 26% - 20% - 13:42
4 - 6% - 10% - 3:28
Normal Defense
1 - 39% - 40% - 20:44
2 - 30% - 30% - 16:03
3 - 20% - 20% - 10:47
4 - 11% - 10% - 5:47
PP Forward
1 - 69% - 60% - 1:33
2 - 31% - 40% - 0:42
PP Defense
1 - 56% - 60% - 1:16
2 - 44% - 40% - 0:59
PK Forward
1 - 81% - 60% - 1:58
2 - 19% - 40% - 0:27
PK Defense
1 - 58% - 60% - 1:24
2 - 42% - 40% - 1:01
PK3 Forward
1 - 0% - 60%
2 - 0% - 40%
PK3 Defense
1 - 0% - 60%
2 - 0% - 40%
44 Forward
1 - 51% - 60% - 1:01
2 - 49% - 40% - 0:58
44 Defense
1 - 41% - 60% - 0:49
2 - 59% - 40% - 1:10
Last Minute Offensive  - 0:00
Last Minute Defensive  - 0:00
Total
Forward - 60:00
Defense - 60:00

% Time on Ice - Bruins

Lines # - Real PCT - Wanted PCT - Time Play
Normal Forward
1 - 37% - 40% - 19:37
2 - 30% - 30% - 15:58
3 - 19% - 20% - 9:54
4 - 15% - 10% - 7:52
Normal Defense
1 - 34% - 40% - 18:09
2 - 31% - 30% - 16:32
3 - 28% - 20% - 14:43
4 - 7% - 10% - 3:57
PP Forward
1 - 61% - 60% - 1:29
2 - 39% - 40% - 0:56
PP Defense
1 - 57% - 60% - 1:22
2 - 43% - 40% - 1:03
PK Forward
1 - 76% - 60% - 1:43
2 - 24% - 40% - 0:32
PK Defense
1 - 39% - 60% - 0:52
2 - 61% - 40% - 1:23
PK3 Forward
1 - 0% - 60%
2 - 0% - 40%
PK3 Defense
1 - 0% - 60%
2 - 0% - 40%
44 Forward
1 - 94% - 60% - 1:52
2 - 6% - 40% - 0:07
44 Defense
1 - 79% - 60% - 1:34
2 - 21% - 40% - 0:25
Last Minute Offensive  - 0:00
Last Minute Defensive  - 0:00
Total
Forward - 60:00
Defense - 60:00

Play by Play

1st period


0:01 of 1st period - Scott Hartnell wins face-off versus Leon Draisaitl in neutral zone.
0:14 of 1st period - Icing by Paul Postma.
0:15 of 1st period - Leon Draisaitl wins face-off versus Dustin Brown in Bruins zone.
0:15 of 1st period - John Carlson is hit by Dustin Brown and loses puck.
0:20 of 1st period - Shot by Patrik Berglund.
0:20 of 1st period - Shot Misses the Net.
0:22 of 1st period - Shot by Michael Stone.
0:22 of 1st period - Shot Misses the Net.
0:24 of 1st period - Shot by Patrik Berglund.
0:24 of 1st period - Stopped by Tom McCollum without a rebound.
0:25 of 1st period - Tomas Plekanec wins face-off versus Jason Spezza in Bruins zone.
0:37 of 1st period - Andrew Ladd is hit by Barret Jackman and loses puck.
1:58 of 1st period - Icing by Michael Ryder.
1:59 of 1st period - Jason Spezza wins face-off versus Leon Draisaitl in Wild zone.
2:13 of 1st period - Shot by Brendan Gallagher.
2:13 of 1st period - Deflect By Zach Parise.
2:13 of 1st period - Stopped by Ryan Miller without a rebound.
2:14 of 1st period - Scott Hartnell wins face-off versus Ryan Spooner in Wild zone.
2:14 of 1st period - Scott Hartnell is hit by Marcus Johansson.
3:22 of 1st period - Shot by Dustin Brown.
3:22 of 1st period - Shot Misses the Net.
4:45 of 1st period - Drew Doughty is hit by Scott Hartnell.
5:12 of 1st period - Icing by Drew Doughty.
5:13 of 1st period - Tomas Plekanec wins face-off versus R.J. Umberger in Bruins zone.
5:30 of 1st period - Shot by Brendan Gallagher.
5:30 of 1st period - Stopped by Ryan Miller with a rebound.
5:32 of 1st period - Shot by John Carlson.
5:32 of 1st period - Goal by John Carlson - Wild : 0 - Bruins : 1.
5:33 of 1st period - Jason Spezza wins face-off versus Leon Draisaitl in neutral zone.
5:54 of 1st period - Off-side.
5:55 of 1st period - Patrick Sharp wins face-off versus Scott Hartnell in neutral zone.
6:25 of 1st period - Shot by Joe Morrow.
6:25 of 1st period - Shot Blocked by Mark Streit.
6:27 of 1st period - Shot by Patrick Sharp.
6:27 of 1st period - Shot Misses the Net.
6:29 of 1st period - Shot by Brandon Pirri.
6:29 of 1st period - Shot Misses the Net.
6:31 of 1st period - Shot by Patrick Sharp.
6:31 of 1st period - Shot Blocked by Mark Streit.
6:33 of 1st period - Shot by Carl Soderberg.
6:33 of 1st period - Stopped by Ryan Miller without a rebound.
6:34 of 1st period - Leon Draisaitl wins face-off versus Erik Cole in Wild zone.
6:35 of 1st period - Shot by Brendan Gallagher.
6:35 of 1st period - Shot Misses the Net.
6:45 of 1st period - Shot by Dustin Brown.
6:45 of 1st period - Stopped by Tom McCollum without a rebound.
6:46 of 1st period - Tomas Plekanec wins face-off versus Michael Ryder in Bruins zone.
6:48 of 1st period - Icing by John Carlson.
6:49 of 1st period - Erik Cole wins face-off versus Tomas Plekanec in Bruins zone.
7:14 of 1st period - Corey Perry is hit by Michael Stone.
7:34 of 1st period - Shot by Tomas Plekanec.
7:34 of 1st period - Shot Misses the Net.
8:18 of 1st period - Shot by Brendan Gallagher.
8:18 of 1st period - Shot Misses the Net.
8:36 of 1st period - Shot by Jason Pominville.
8:36 of 1st period - Shot Misses the Net.
8:44 of 1st period - Shot by Patrick Sharp.
8:44 of 1st period - Deflect By Carl Soderberg.
8:44 of 1st period - Stopped by Ryan Miller without a rebound.
8:45 of 1st period - Ryan Spooner wins face-off versus Jason Spezza in Wild zone.
9:12 of 1st period - Shot by Marcus Johansson.
9:12 of 1st period - Shot Misses the Net.
10:04 of 1st period - Dustin Brown is hit by Joe Morrow and loses puck.
10:14 of 1st period - Shot by Brandon Pirri.
10:14 of 1st period - Stopped by Ryan Miller without a rebound.
10:15 of 1st period - Leon Draisaitl wins face-off versus Erik Cole in Wild zone.
10:15 of 1st period - Leon Draisaitl is hit by Dennis Wideman.
10:35 of 1st period - Shot by Brendan Gallagher.
10:35 of 1st period - Deflect By Leon Draisaitl.
10:35 of 1st period - Stopped by Ryan Miller without a rebound.
10:36 of 1st period - Scott Hartnell wins face-off versus Tomas Plekanec in Wild zone.
10:36 of 1st period - Scott Hartnell is hit by Andrew Ladd.
10:55 of 1st period - Jason Pominville is hit by Joe Morrow and loses puck.
11:00 of 1st period - Shot by Michael Stone.
11:00 of 1st period - Stopped by Tom McCollum without a rebound.
11:01 of 1st period - Leon Draisaitl wins face-off versus Erik Cole in Bruins zone.
11:01 of 1st period - Drew Doughty is hit by Dustin Brown and loses puck.
12:12 of 1st period - Shot by Brandon Pirri.
12:12 of 1st period - Shot Blocked by Michael Stone.
12:31 of 1st period - Shot by Patrick Sharp.
12:31 of 1st period - Shot Blocked by Michael Stone.
12:44 of 1st period - Icing by Carl Soderberg.
12:45 of 1st period - Scott Hartnell wins face-off versus Patrick Sharp in Bruins zone.
12:46 of 1st period - Shot by Peter Holland.
12:46 of 1st period - Deflect By Scott Hartnell.
12:46 of 1st period - Shot Misses the Net.
12:50 of 1st period - Shot by Jason Pominville.
12:50 of 1st period - Stopped by Tom McCollum without a rebound.
12:51 of 1st period - Andrew Ladd wins face-off versus Scott Hartnell in Bruins zone.
12:51 of 1st period - Andrew Ladd is hit by Scott Hartnell.
14:16 of 1st period - Brendan Gallagher is hit by Dustin Brown and loses puck.
15:51 of 1st period - Brandon Pirri is hit by Dennis Wideman and loses puck.
16:01 of 1st period - Brandon Pirri is hit by Scott Hartnell and loses puck.
16:10 of 1st period - Minor Penalty to Brandon Pirri for Interference.
16:10 of 1st period - Minor Penalty to Scott Hartnell for Roughing.
16:11 of 1st period - Carl Soderberg wins face-off versus Michael Ryder in neutral zone.
16:20 of 1st period - Shot by Carl Soderberg.
16:20 of 1st period - Shot Misses the Net.
16:22 of 1st period - Shot by Marcus Johansson.
16:22 of 1st period - Stopped by Ryan Miller without a rebound.
16:23 of 1st period - Patrick Sharp wins face-off versus Michael Ryder in Wild zone.
16:31 of 1st period - Icing by Dennis Wideman.
16:32 of 1st period - Michael Ryder wins face-off versus Patrick Sharp in Wild zone.
16:46 of 1st period - Off-side.
16:47 of 1st period - Zach Parise wins face-off versus Jason Pominville in neutral zone.
16:49 of 1st period - Marcus Johansson is hit by Fedor Tyutin and loses puck.
17:04 of 1st period - Icing by Fedor Tyutin.
17:05 of 1st period - Jason Pominville wins face-off versus Zach Parise in Wild zone.
17:57 of 1st period - Drew Doughty is hit by Dennis Wideman and loses puck.
18:05 of 1st period - Icing by Dennis Wideman.
18:06 of 1st period - Carl Soderberg wins face-off versus Michael Ryder in Wild zone.
18:35 of 1st period - Jason Spezza is hit by Andrew Ladd and loses puck.
18:46 of 1st period - Shot by Corey Perry.
18:46 of 1st period - Shot Misses the Net.
18:48 of 1st period - Shot by Tomas Plekanec.
18:48 of 1st period - Stopped by Ryan Miller without a rebound.
18:49 of 1st period - Patrick Sharp wins face-off versus Scott Hartnell in Wild zone.
19:04 of 1st period - Shot by Brandon Pirri.
19:04 of 1st period - Stopped by Ryan Miller without a rebound.
19:05 of 1st period - Ryan Spooner wins face-off versus Erik Cole in Wild zone.
19:44 of 1st period - Dustin Brown is hit by Drew Doughty and loses puck.
Goals for this period are 0 for Wild vs 1 for Bruins.
Shots for this period are 4 for Wild vs 10 for Bruins.

2nd period


0:01 of 2nd period - Scott Hartnell wins face-off versus Leon Draisaitl in neutral zone.
0:09 of 2nd period - Icing by John Carlson.
0:10 of 2nd period - R.J. Umberger wins face-off versus Leon Draisaitl in Bruins zone.
0:22 of 2nd period - Icing by John Carlson.
0:23 of 2nd period - Scott Hartnell wins face-off versus Leon Draisaitl in Bruins zone.
0:23 of 2nd period - Scott Hartnell is hit by Paul Postma.
0:25 of 2nd period - Shot by Jason Pominville.
0:25 of 2nd period - Goal by Jason Pominville - Wild : 1 - Bruins : 1.
0:26 of 2nd period - Scott Hartnell wins face-off versus Brendan Gallagher in neutral zone.
0:47 of 2nd period - Shot by Brendan Gallagher.
0:47 of 2nd period - Goal by Brendan Gallagher - Wild : 1 - Bruins : 2.
0:48 of 2nd period - Erik Cole wins face-off versus Tomas Plekanec in neutral zone.
0:58 of 2nd period - Off-side.
0:59 of 2nd period - Scott Hartnell wins face-off versus Leon Draisaitl in neutral zone.
1:32 of 2nd period - Shot by Scott Hartnell.
1:32 of 2nd period - Stopped by Tom McCollum without a rebound.
1:33 of 2nd period - Tomas Plekanec wins face-off versus Erik Cole in Bruins zone.
1:46 of 2nd period - Shot by Tomas Plekanec.
1:46 of 2nd period - Stopped by Ryan Miller without a rebound.
1:47 of 2nd period - Jason Spezza wins face-off versus Patrick Sharp in Wild zone.
1:53 of 2nd period - Minor Penalty to Michael Ryder for Holding.
1:54 of 2nd period - Carl Soderberg wins face-off versus Peter Holland in Wild zone.
2:19 of 2nd period - Shot by Tomas Plekanec.
2:19 of 2nd period - Goal by Tomas Plekanec - Wild : 1 - Bruins : 3.
2:20 of 2nd period - Leon Draisaitl wins face-off versus R.J. Umberger in neutral zone.
3:00 of 2nd period - Jason Pominville is hit by Zach Parise and loses puck.
4:20 of 2nd period - Icing by Barret Jackman.
4:21 of 2nd period - R.J. Umberger wins face-off versus Patrick Sharp in Wild zone.
4:21 of 2nd period - R.J. Umberger is hit by Carl Soderberg.
4:26 of 2nd period - Icing by Zach Redmond.
4:27 of 2nd period - R.J. Umberger wins face-off versus Patrick Sharp in Wild zone.
4:27 of 2nd period - R.J. Umberger is hit by Patrick Sharp.
4:32 of 2nd period - Minor Penalty to Drew Doughty for Slashing.
4:33 of 2nd period - Rene Bourque wins face-off versus Leon Draisaitl in Bruins zone.
4:50 of 2nd period - Shot by Dennis Wideman.
4:50 of 2nd period - Stopped by Tom McCollum without a rebound.
4:51 of 2nd period - Leon Draisaitl wins face-off versus Rene Bourque in Bruins zone.
5:22 of 2nd period - Shot by Fedor Tyutin.
5:22 of 2nd period - Stopped by Tom McCollum without a rebound.
5:23 of 2nd period - Michael Ryder wins face-off versus Leon Draisaitl in Bruins zone.
5:26 of 2nd period - Shot by Dennis Wideman.
5:26 of 2nd period - Shot Blocked by David Warsofsky.
5:28 of 2nd period - Shot by Patrik Berglund.
5:28 of 2nd period - Shot Misses the Net.
5:30 of 2nd period - Shot by Dennis Wideman.
5:30 of 2nd period - Stopped by Tom McCollum with a rebound.
7:40 of 2nd period - Icing by Mark Streit.
7:41 of 2nd period - Leon Draisaitl wins face-off versus Jason Spezza in Wild zone.
7:48 of 2nd period - Shot by Brendan Gallagher.
7:48 of 2nd period - Shot Blocked by Dennis Wideman.
7:50 of 2nd period - Shot by Brendan Gallagher.
7:50 of 2nd period - Deflect By Leon Draisaitl.
7:50 of 2nd period - Shot Blocked by Rene Bourque.
7:52 of 2nd period - Shot by Brendan Gallagher.
7:52 of 2nd period - Shot Blocked by Dennis Wideman.
7:54 of 2nd period - Shot by David Warsofsky.
7:54 of 2nd period - Shot Misses the Net.
8:01 of 2nd period - Icing by Mark Streit.
8:02 of 2nd period - Tomas Plekanec wins face-off versus Jason Spezza in Wild zone.
8:11 of 2nd period - Shot by Andrew Ladd.
8:11 of 2nd period - Stopped by Ryan Miller without a rebound.
8:12 of 2nd period - Jason Pominville wins face-off versus Leon Draisaitl in Wild zone.
8:21 of 2nd period - Shot by Peter Holland.
8:21 of 2nd period - Shot Blocked by Joe Morrow.
8:54 of 2nd period - Shot by Zach Parise.
8:54 of 2nd period - Deflect By Brendan Gallagher.
8:54 of 2nd period - Stopped by Ryan Miller without a rebound.
8:55 of 2nd period - Dustin Brown wins face-off versus Tomas Plekanec in Wild zone.
10:16 of 2nd period - Shot by Drew Doughty.
10:16 of 2nd period - Shot Misses the Net.
10:18 of 2nd period - Shot by Carl Soderberg.
10:18 of 2nd period - Goal by Carl Soderberg - Wild : 1 - Bruins : 4.
10:18 of 2nd period - Darcy Kuemper enters game.
10:19 of 2nd period - Scott Hartnell wins face-off versus Leon Draisaitl in neutral zone.
10:22 of 2nd period - Zach Parise is hit by Scott Hartnell and loses puck.
10:46 of 2nd period - Shot by Zach Parise.
10:46 of 2nd period - Stopped by Darcy Kuemper without a rebound.
10:47 of 2nd period - Erik Cole wins face-off versus Patrick Sharp in Wild zone.
11:04 of 2nd period - Shot by Carl Soderberg.
11:04 of 2nd period - Shot Misses the Net.
11:08 of 2nd period - Shot by Patrick Sharp.
11:08 of 2nd period - Goal by Patrick Sharp - Wild : 1 - Bruins : 5.
11:09 of 2nd period - Scott Hartnell wins face-off versus Leon Draisaitl in neutral zone.
11:25 of 2nd period - Icing by John Carlson.
11:26 of 2nd period - Leon Draisaitl wins face-off versus Jason Spezza in Bruins zone.
12:11 of 2nd period - Off-side.
12:12 of 2nd period - Tomas Plekanec wins face-off versus Jason Pominville in neutral zone.
12:48 of 2nd period - Shot by Corey Perry.
12:48 of 2nd period - Stopped by Darcy Kuemper without a rebound.
12:49 of 2nd period - Erik Cole wins face-off versus Patrick Sharp in Wild zone.
13:04 of 2nd period - Shot by Erik Cole.
13:04 of 2nd period - Shot Misses the Net.
13:06 of 2nd period - Shot by Erik Cole.
13:06 of 2nd period - Shot Misses the Net.
13:10 of 2nd period - Shot by Patrik Berglund.
13:10 of 2nd period - Stopped by Tom McCollum without a rebound.
13:11 of 2nd period - Jason Spezza wins face-off versus Leon Draisaitl in Bruins zone.
13:42 of 2nd period - Shot by Zach Parise.
13:42 of 2nd period - Stopped by Darcy Kuemper without a rebound.
13:43 of 2nd period - Scott Hartnell wins face-off versus Tomas Plekanec in Wild zone.
13:51 of 2nd period - Jason Pominville is hit by David Warsofsky.
13:58 of 2nd period - Icing by Drew Doughty.
13:59 of 2nd period - Tomas Plekanec wins face-off versus Erik Cole in Bruins zone.
13:59 of 2nd period - Tomas Plekanec is hit by Dustin Brown.
14:02 of 2nd period - Corey Perry is hit by Erik Cole and loses puck.
14:11 of 2nd period - Tomas Plekanec is hit by Zach Redmond and loses puck.
15:14 of 2nd period - Icing by Dennis Wideman.
15:15 of 2nd period - Scott Hartnell wins face-off versus Patrick Sharp in Wild zone.
15:36 of 2nd period - Shot by Jason Pominville.
15:36 of 2nd period - Stopped by Tom McCollum without a rebound.
15:37 of 2nd period - Ryan Spooner wins face-off versus Jason Spezza in Bruins zone.
15:56 of 2nd period - Icing by Drew Doughty.
15:57 of 2nd period - Marcus Johansson wins face-off versus Erik Cole in Bruins zone.
15:57 of 2nd period - Marcus Johansson is hit by Erik Cole.
16:47 of 2nd period - Icing by Torey Krug.
16:48 of 2nd period - Leon Draisaitl wins face-off versus Scott Hartnell in Bruins zone.
17:15 of 2nd period - Shot by Brendan Gallagher.
17:15 of 2nd period - Stopped by Darcy Kuemper without a rebound.
17:16 of 2nd period - Patrick Sharp wins face-off versus Jason Spezza in Wild zone.
17:19 of 2nd period - Shot by Carl Soderberg.
17:19 of 2nd period - Stopped by Darcy Kuemper without a rebound.
17:20 of 2nd period - Patrick Sharp wins face-off versus Jason Spezza in Wild zone.
17:31 of 2nd period - Shot by Patrick Sharp.
17:31 of 2nd period - Stopped by Darcy Kuemper with a rebound.
18:03 of 2nd period - Shot by Jason Spezza.
18:03 of 2nd period - Shot Misses the Net.
18:12 of 2nd period - Off-side.
18:13 of 2nd period - Leon Draisaitl wins face-off versus Scott Hartnell in neutral zone.
18:50 of 2nd period - Shot by Scott Hartnell.
18:50 of 2nd period - Stopped by Tom McCollum without a rebound.
18:51 of 2nd period - Andrew Ladd wins face-off versus Erik Cole in Bruins zone.
18:53 of 2nd period - Joe Morrow is hit by Erik Cole and loses puck.
18:59 of 2nd period - Icing by Torey Krug.
19:00 of 2nd period - Tomas Plekanec wins face-off versus Erik Cole in Bruins zone.
19:09 of 2nd period - Shot by Tomas Plekanec.
19:09 of 2nd period - Stopped by Darcy Kuemper without a rebound.
19:10 of 2nd period - Patrick Sharp wins face-off versus Scott Hartnell in Wild zone.
19:23 of 2nd period - John Carlson is hit by Scott Hartnell and loses puck.
19:39 of 2nd period - Shot by Scott Hartnell.
19:39 of 2nd period - Stopped by Tom McCollum without a rebound.
19:40 of 2nd period - Dustin Brown wins face-off versus Leon Draisaitl in Bruins zone.
Goals for this period are 1 for Wild vs 4 for Bruins.
Shots for this period are 9 for Wild vs 14 for Bruins.

3rd period


0:01 of 3rd period - Leon Draisaitl wins face-off versus Scott Hartnell in neutral zone.
0:04 of 3rd period - Shot by Zach Parise.
0:04 of 3rd period - Shot Blocked by Scott Hartnell.
0:06 of 3rd period - Shot by John Carlson.
0:06 of 3rd period - Stopped by Darcy Kuemper without a rebound.
0:07 of 3rd period - Tomas Plekanec wins face-off versus Scott Hartnell in Wild zone.
0:17 of 3rd period - Minor Penalty to Andrew Ladd for Interference.
0:18 of 3rd period - Leon Draisaitl wins face-off versus Rene Bourque in Bruins zone.
0:33 of 3rd period - Shot by Mark Streit.
0:33 of 3rd period - Goal by Mark Streit - Wild : 2 - Bruins : 5.
0:34 of 3rd period - Erik Cole wins face-off versus Tomas Plekanec in neutral zone.
0:50 of 3rd period - Andrew Ladd is hit by Michael Stone.
0:55 of 3rd period - Minor Penalty to Fedor Tyutin for Hooking.
0:56 of 3rd period - Marcus Johansson wins face-off versus Peter Holland in Wild zone.
1:16 of 3rd period - Shot by Drew Doughty.
1:16 of 3rd period - Shot Misses the Net.
1:30 of 3rd period - Shot by Drew Doughty.
1:30 of 3rd period - Stopped by Darcy Kuemper without a rebound.
1:31 of 3rd period - Carl Soderberg wins face-off versus Peter Holland in Wild zone.
1:34 of 3rd period - Shot by Brandon Pirri.
1:34 of 3rd period - Stopped by Darcy Kuemper without a rebound.
1:35 of 3rd period - Carl Soderberg wins face-off versus Peter Holland in Wild zone.
3:03 of 3rd period - Shot by Erik Cole.
3:03 of 3rd period - Shot Blocked by Torey Krug.
3:30 of 3rd period - Shot by Patrik Berglund.
3:30 of 3rd period - Stopped by Tom McCollum without a rebound.
3:31 of 3rd period - Leon Draisaitl wins face-off versus Peter Holland in Bruins zone.
4:21 of 3rd period - Off-side.
4:22 of 3rd period - Jason Spezza wins face-off versus Tomas Plekanec in neutral zone.
4:29 of 3rd period - Drew Doughty is hit by Michael Ryder and loses puck.
4:34 of 3rd period - Shot by Jason Spezza.
4:34 of 3rd period - Shot Blocked by Drew Doughty.
4:36 of 3rd period - Shot by Jason Spezza.
4:36 of 3rd period - Stopped by Tom McCollum without a rebound.
4:37 of 3rd period - Erik Cole wins face-off versus Patrick Sharp in Bruins zone.
4:46 of 3rd period - Shot by Dustin Brown.
4:46 of 3rd period - Stopped by Tom McCollum without a rebound.
4:47 of 3rd period - Jason Spezza wins face-off versus Tomas Plekanec in Bruins zone.
5:12 of 3rd period - Shot by Michael Ryder.
5:12 of 3rd period - Stopped by Tom McCollum without a rebound.
5:13 of 3rd period - Erik Cole wins face-off versus Leon Draisaitl in Bruins zone.
5:28 of 3rd period - Shot by Patrik Berglund.
5:28 of 3rd period - Stopped by Tom McCollum without a rebound.
5:29 of 3rd period - Tomas Plekanec wins face-off versus Scott Hartnell in Bruins zone.
5:45 of 3rd period - Icing by David Warsofsky.
5:46 of 3rd period - Tomas Plekanec wins face-off versus Erik Cole in Bruins zone.
6:44 of 3rd period - Shot by Brendan Gallagher.
6:44 of 3rd period - Stopped by Darcy Kuemper with a rebound.
7:26 of 3rd period - Icing by Michael Stone.
7:27 of 3rd period - Ryan Spooner wins face-off versus Scott Hartnell in Wild zone.
7:58 of 3rd period - Shot by Ryan Spooner.
7:58 of 3rd period - Stopped by Darcy Kuemper with a rebound.
8:00 of 3rd period - Shot by Melker Karlsson.
8:00 of 3rd period - Shot Misses the Net.
8:02 of 3rd period - Shot by Marcus Johansson.
8:02 of 3rd period - Stopped by Darcy Kuemper with a rebound.
8:04 of 3rd period - Shot by Torey Krug.
8:04 of 3rd period - Shot Misses the Net.
8:26 of 3rd period - Shot by Andrew Ladd.
8:26 of 3rd period - Shot Misses the Net.
8:48 of 3rd period - Shot by Andrew Ladd.
8:48 of 3rd period - Stopped by Darcy Kuemper without a rebound.
8:49 of 3rd period - Jason Spezza wins face-off versus Leon Draisaitl in Wild zone.
9:29 of 3rd period - Jason Spezza is hit by Paul Postma and loses puck.
9:45 of 3rd period - Icing by Dennis Wideman.
9:46 of 3rd period - Patrick Sharp wins face-off versus Erik Cole in Wild zone.
9:53 of 3rd period - Shot by Brandon Pirri.
9:53 of 3rd period - Shot Misses the Net.
10:00 of 3rd period - Icing by Mark Streit.
10:01 of 3rd period - Tomas Plekanec wins face-off versus Erik Cole in Wild zone.
10:06 of 3rd period - Shot by Corey Perry.
10:06 of 3rd period - Shot Blocked by Dennis Wideman.
10:28 of 3rd period - Shot by Corey Perry.
10:28 of 3rd period - Stopped by Darcy Kuemper without a rebound.
10:29 of 3rd period - Patrick Sharp wins face-off versus Jason Spezza in Wild zone.
10:51 of 3rd period - Shot by Carl Soderberg.
10:51 of 3rd period - Shot Misses the Net.
10:53 of 3rd period - Shot by Drew Doughty.
10:53 of 3rd period - Stopped by Darcy Kuemper without a rebound.
10:54 of 3rd period - Leon Draisaitl wins face-off versus Scott Hartnell in Wild zone.
11:05 of 3rd period - Shot by Zach Parise.
11:05 of 3rd period - Stopped by Darcy Kuemper without a rebound.
11:06 of 3rd period - Patrik Berglund wins face-off versus Andrew Ladd in Wild zone.
11:33 of 3rd period - Shot by Andrew Ladd.
11:33 of 3rd period - Deflect By Corey Perry.
11:33 of 3rd period - Stopped by Darcy Kuemper with a rebound.
11:35 of 3rd period - Shot by Tomas Plekanec.
11:35 of 3rd period - Stopped by Darcy Kuemper without a rebound.
11:36 of 3rd period - Scott Hartnell wins face-off versus Leon Draisaitl in Wild zone.
11:55 of 3rd period - Shot by Zach Parise.
11:55 of 3rd period - Shot Blocked by Fedor Tyutin.
11:57 of 3rd period - Shot by Torey Krug.
11:57 of 3rd period - Shot Blocked by Michael Stone.
11:59 of 3rd period - Shot by Zach Parise.
11:59 of 3rd period - Stopped by Darcy Kuemper with a rebound.
12:01 of 3rd period - Shot by Brendan Gallagher.
12:01 of 3rd period - Shot Hit the Post.
14:06 of 3rd period - Shot by Jason Spezza.
14:06 of 3rd period - Stopped by Tom McCollum without a rebound.
14:07 of 3rd period - Ryan Spooner wins face-off versus Scott Hartnell in Bruins zone.
14:07 of 3rd period - Ryan Spooner is hit by Scott Hartnell.
15:04 of 3rd period - Torey Krug is hit by Rene Bourque and loses puck.
15:15 of 3rd period - Melker Karlsson is hit by Rene Bourque.
16:56 of 3rd period - Tomas Plekanec is hit by Peter Holland and loses puck.
18:05 of 3rd period - Joe Morrow is hit by Rene Bourque and loses puck.
18:44 of 3rd period - Icing by Dennis Wideman.
18:45 of 3rd period - Leon Draisaitl wins face-off versus Erik Cole in Wild zone.
19:40 of 3rd period - Off-side.
19:41 of 3rd period - Tomas Plekanec wins face-off versus Jason Pominville in neutral zone.
19:44 of 3rd period - Shot by Paul Postma.
19:44 of 3rd period - Shot Blocked by Jason Pominville.
19:46 of 3rd period - Shot by Tomas Plekanec.
19:46 of 3rd period - Stopped by Darcy Kuemper without a rebound.
19:47 of 3rd period - Tomas Plekanec wins face-off versus Scott Hartnell in Wild zone.
Goals for this period are 1 for Wild vs 0 for Bruins.
Shots for this period are 7 for Wild vs 14 for Bruins.